 Dungeon Crawl Stone Soup version 0.31.0-11-ge490571c62 (webtiles) character file.

Game seed: 14727785108049263186

55 qw the Shooter (level 3, 0/20 HPs)
             Began as a Deep Elf Hunter on Feb 5, 2024.
             Killed from afar by Sigmund (6 damage)
             ... with a puff of flame
             ... on level 2 of the Dungeon.
             The game lasted 00:00:27 (876 turns).

qw the Shooter (Deep Elf Hunter)                     Turns: 876, Time: 00:00:28

Health: 0/20       AC:  6    Str: 10    XL:     3   Next: 67%
Magic:  5/5        EV: 11    Int: 13    God:
Gold:   43         SH:  0    Dex: 18    Spells: 2/2 levels left

rFire   . . .        a - +0 shortbow
rCold   . . .        (shield currently unavailable)
rNeg    . . .        k - +0 ring mail
rPois   .            (no helmet)
rElec   .            (no cloak)
rCorr   .            m - +0 pair of gloves
SInv    .            (no boots)
Will    .....        i - amulet of faith
Stlth   +            (no ring)
HPRegen 0.23/turn    (no ring)
MPRegen 0.09/turn

%: faith
@: no status effects
A: no striking features
a: no special abilities


You were on level 2 of the Dungeon.
You visited 1 branch of the dungeon, and saw 2 of its levels.

You collected 79 gold pieces.
You spent 36 gold pieces at shops.


   Skills:
 - Level 1.5 Fighting
 + Level 7.2 Ranged Weapons
 - Level 2.4 Dodging
 - Level 1.2 Stealth


You had 2 spell levels left.
You didn't know any spells.
Your spell library was empty.

Inventory:

Hand Weapons
 a - a +0 shortbow (weapon)
Armour
 b - a scarf of invisibility
 k - a +0 ring mail (worn)
 m - a +0 pair of gloves (worn)
Jewellery
 c - a ring of flight
 i - an amulet of faith (around neck)
Scrolls
 d - a scroll of blinking {unknown}
Potions
 f - a potion of brilliance {unknown}
 g - a potion of invisibility {unknown}
 h - 2 potions of resistance {unknown}
 l - a potion of degeneration {unknown}

Dungeon Overview and Level Annotations

Branches:
Dungeon (2/15)

Altars:

Shops:
D:1 !*[

Annotations:
D:2 Sigmund


Message History

c - a ring of flight
Found 5 stones.
You now have 29 gold pieces (gained 8).
d - a scroll labelled GUDIOL JUCACW
h - 2 fuming dark potions (gained 1)
There is a large open door here.
You see here a +0 club.
Found a short sword.
You now have enough gold to buy a potion of curing on D:1.
You can access your shopping list by pressing '$'.
You now have 43 gold pieces (gained 14).
Found an escape hatch in the ceiling.
A hobgoblin and an adder come into view.
The hobgoblin shouts!
The adder hisses angrily.
You hear a shout!
You shoot an arrow. The arrow hits the adder.
The adder is heavily wounded.
You shoot an arrow. The arrow hits the adder!
You kill the adder!
You shoot an arrow. The arrow hits the hobgoblin!
You kill the hobgoblin!
Sigmund the Dreaded comes into view.
He is wielding a +0 scythe and carrying a wand of flame.
You shoot an arrow.
Sigmund shouts!
The arrow hits Sigmund!
Sigmund is moderately wounded.
Sigmund zaps a wand.
The puff of flame hits you.
Sigmund hits you from afar with a +0 scythe.
You shoot an arrow.
The arrow hits Sigmund but does no damage.
Sigmund is moderately wounded.
You shoot an arrow. The arrow hits Sigmund.
Sigmund is heavily wounded.
Sigmund hits you from afar with a +0 scythe.
You shoot an arrow. The arrow hits Sigmund.
Sigmund is heavily wounded.
Sigmund says, "Don't worry, I'll kill you fast."
Sigmund gestures at you while chanting. The puff of flame hits you.
You die...
Sigmund begins carving another notch in his scythe.

#. .....
#############
#.#...<
#............ ...^..
..)...### #....
#.###...### #...#
#.# ###.#.. @%.# #.#
#.#.######..# #.##
#.#)#.....@.# ...#
#.#.#.#####.#
#''####...........#
......###..######...
.......##..... ...
........##...## ....
.....)...###.# .####
..........##.# .#
...........#.#


You could see Sigmund.

Vanquished Creatures
  An adder (D:2)
  A ribbon worm (D:2)
  2 endoplasms
  7 goblins
  4 hobgoblins
  4 jackals (D:1)
  2 quokkas (D:1)
  5 ball pythons
  6 bats (D:1)
  3 frilled lizards
  6 kobolds (D:1)
  A rat (D:1)
42 creatures vanquished.

Notes
Turn   | Place    | Note
-------+----------+-------------------------------------------
     0 | D:1      | qw the Deep Elf Hunter began the quest for the Orb.
     0 | D:1      | Reached XP level 1. HP: 12/12 MP: 3/3
     0 | D:1      | 0 ||| qw: Version: 0.3-a-160-g6735b56
     0 | D:1      | 0 ||| qw: Game counter: 6557
     0 | D:1      | 0 ||| qw: Melee chars always use a shield: true
     0 | D:1      | 0 ||| qw: God list: Okawaru
     0 | D:1      | 0 ||| qw: Allow faded altars: false
     0 | D:1      | 0 ||| qw: Do Orc after clearing Dungeon:15 true
     0 | D:1      | 0 ||| qw: Do second Lair branch before Depths: true
     0 | D:1      | 0 ||| qw: Lair rune preference: random
     0 | D:1      | 0 ||| qw: Goals: Normal
     0 | D:1      | 0 ||| PLANNING D:1-11
    67 | D:1      | Found Pomuoklit's Assorted Antiques.
    80 | D:1      | 80 ||| SHOPLISTING 3 scrolls labelled HOMIESS VIAQ (57
                  | gold, have 36).
    80 | D:1      | 80 ||| BUYING scroll labelled ISMEYP YBLU (19 gold).
    80 | D:1      | Bought a scroll labelled ISMEYP YBLU for 19 gold pieces
    80 | D:1      | 80 ||| SHOPLISTING scroll labelled OJONIYLIGUKH (19 gold,
                  | have 17).
    80 | D:1      | 80 ||| SHOPLISTING scroll labelled UNECEA CILIO (19 gold,
                  | have 17).
    80 | D:1      | 80 ||| BUYING smoky ruby potion (17 gold).
    80 | D:1      | Bought a smoky ruby potion for 17 gold pieces
   149 | D:1      | HP: 3/12 [constriction (1)]
   152 | D:1      | Reached XP level 2. HP: 3/16 MP: 4/4
   177 | D:1      | Reached skill level 6 in Ranged Weapons
   283 | D:1      | Found Husolis's Distillery.
   291 | D:1      | 291 ||| SHOPLISTING potion of curing (30 gold, have 0).
   291 | D:1      | 291 ||| SHOPLISTING potion of enlightenment (50 gold, have
                  | 0).
   291 | D:1      | 291 ||| SHOPLISTING potion of haste (100 gold, have 0).
   291 | D:1      | 291 ||| SHOPLISTING potion of heal wounds (50 gold, have
                  | 0).
   291 | D:1      | 291 ||| SHOPLISTING potion of resistance (100 gold, have
                  | 0).
   485 | D:1      | Reached XP level 3. HP: 20/20 MP: 5/5
   634 | D:1      | Found Ibaso's Armour Emporium.
   641 | D:1      | 641 ||| SHOPLISTING +0 cloak of poison resistance (110
                  | gold, have 11).
   641 | D:1      | 641 ||| SHOPLISTING +0 helmet of the Tentacled Kraken
                  | {rPois rCorr} (276 gold, have 11).
   641 | D:1      | 641 ||| SHOPLISTING +2 pair of boots of rampaging (279
                  | gold, have 11).
   641 | D:1      | 641 ||| SHOPLISTING +4 skin of Zhor {*Englaciate rC+++
                  | SInv} (864 gold, have 11).
   676 | D:1      | 676 ||| UPGRADING to +0 ring mail.
   686 | D:1      | 686 ||| DROPPING +0 leather armour.
   687 | D:1      | 687 ||| UPGRADING to +0 pair of gloves.
   692 | D:1      | 692 ||| UPGRADING to amulet of faith.
   697 | D:1      | 697 ||| READING scroll labelled ISMEYP YBLU.
   697 | D:1      | 697 ||| IDENTIFYING silvery potion
   698 | D:1      | 698 ||| READING scroll labelled OJONIYLIGUKH.
   703 | D:1      | 703 ||| DROPPING scroll of butterflies.
   704 | D:1      | 704 ||| DROPPING potion of magic.
   791 | D:2      | Reached skill level 7 in Ranged Weapons
   872 | D:2      | Noticed Sigmund
   876 | D:2      | Killed from afar by Sigmund

Levels and vault maps discovered:
D:1:      minmay_arrival_wavy_path, layout_rooms, serial_shops, shop, shop,
          nicolae_shop_tiny_statue_garden
D:2:      kennysheep_big_flooded_room, layout_basic,
          hellmonk_ecumenical_altar_blasted, kennysheep_generic_room_7,
          uniq_robin, uniq_jessica, uniq_sigmund

Skill      XL: |  1  2  3 |
---------------+----------+-----
Ranged Weapons | 6 7 |  7.2
Fighting       | |  1.5
Dodging        | |  2.4
Stealth        | |  1.2

Action                     || total
---------------------------++-------
   Fire: Shortbow          ||   112
    Use: Scroll            ||     2
 Armour: Leather armour    ||    19
         Ring mail         ||    11
  Dodge: Dodged            ||    18

Table legend:
 A = Non-vault XP
 B = Vault XP
 C = Vault XP percentage of total XP
 D = Non-vault monster count
 E = Vault monster count
 F = Vault count percentage of total count
                 A         B        C        D         E       F
            +---------+---------+-------+---------+---------+-------
      Total |      77 |       2 |   2.5 |      40 |       2 |   4.8
            +---------+---------+-------+---------+---------+-------
        D:1 |      54 |       0 |   0.0 |      34 |       0 |   0.0
        D:2 |      23 |       2 |   8.0 |       6 |       2 |  25.0
            +---------+---------+-------+---------+---------+-------
